 Dungeon Crawl Stone Soup version 0.29.1-1-gd02db6906a (webtiles) character file.

Game seed: 16321018557466878957

716 Demigod47 the Cudgeller (level 7, -2/61 HPs)
             Began as a Minotaur Fighter on Oct 16, 2022.
             Was a Priest of Okawaru.
             Slain by an ogre
             ... wielding a +0 giant club
              (12 damage)
             ... on level 5 of the Dungeon.
             The game lasted 00:09:38 (3973 turns).

Demigod47 the Cudgeller (Minotaur Fighter)          Turns: 3973, Time: 00:09:39

Health: -2/61      AC: 13    Str: 29    XL:     7   Next: 41%
Magic:  6/6        EV:  8    Int: 11    God:    Okawaru [***...]
Gold:   992        SH:  0    Dex:  9    Spells: 6/6 levels left

rFire   . . .      SeeInvis .   a - +0 flail
rCold   . . .      Faith    .   c - +0 buckler
rNeg    . . .      Spirit   .   e - +0 chain mail
rPois   .          Reflect  +   (helmet restricted)
rElec   .          Harm     .   (no cloak)
rCorr   .          Rampage  .   k - +2 pair of gloves of Hais {-Cast Str+6}
Will    .....      NoCast   +   (no boots)
Stlth   ..........              r - amulet of reflection
HPRegen 0.20/turn               y - +4 ring of slaying
MPRegen 0.10/turn               f - +6 ring of intelligence

@: confused
A: horns 2, retaliatory headbutt
a: Renounce Religion, Heroism


You were on level 5 of the Dungeon.
You worshipped Okawaru.
Okawaru was most pleased with you.
You visited 1 branch of the dungeon, and saw 5 of its levels.
You also visited: Sewer.

You collected 992 gold pieces.

Inventory:

Hand Weapons
 a - a +0 flail (weapon)
Armour
 c - a +0 buckler (worn)
 e - a +0 chain mail (worn)
 k - the +2 pair of gloves of Hais (worn) {-Cast Str+6}
   (You acquired it on level 4 of the Dungeon)

   Str:       It affects your strength (+6).
   -Cast:     It prevents spellcasting.
 m - a +0 pair of gloves
Jewellery
 f - a +6 ring of intelligence (right hand)
 r - an amulet of reflection (around neck)
 y - a +4 ring of slaying (left hand)
 A - an amulet of guardian spirit
 C - a ring of magical power
Scrolls
 g - 2 scrolls of enchant armour
 h - a scroll of blinking
 i - a scroll of teleportation
 j - 2 scrolls of butterflies
 l - 2 scrolls of magic mapping
 n - 2 scrolls of fear {unknown}
 o - a scroll of brand weapon {unknown}
 p - a scroll of vulnerability {unknown}
 t - 4 scrolls of noise {unknown}
Potions
 b - 2 potions of curing
 d - a potion of magic {unknown}
 s - a potion of cancellation {unknown}
 u - a potion of haste {unknown}
 v - a potion of heal wounds {unknown}
 w - a potion of resistance {unknown}
 x - a potion of mutation {unknown}
 z - a potion of brilliance {unknown}
 B - a potion of attraction {unknown}


   Skills:
 + Level 5.4 Fighting
 + Level 6.8 Maces & Flails
 + Level 5.8 Armour
 + Level 1.2 Dodging
 + Level 0.1 Stealth
 + Level 5.2 Shields


You had 6 spell levels left.
You didn't know any spells.
Your spell library contained the following spells:

 Spells                   Type           Power      Damage    Failure   Level
 Freeze                   Ice            0%         1d3       92%         1
 Blink                    Tloc           0%         N/A       98%         2
 Conjure Flame            Conj/Fire      0%         6-21      100%        3
 Frozen Ramparts          Ice            0%         1d1       100%        3
 Ignite Poison            Fire/Tmut/Pois 0%         N/A       100%        3
 Lesser Beckoning         Tloc           0%         N/A       100%        3
 Hailstorm                Conj/Ice       0%         3d3       100%        4
 Ice Form                 Ice/Tmut       0%         N/A       100%        4
 Sticky Flame             Conj/Fire      0%         2d3       100%        4
 Manifold Assault         Tloc           0%         N/A       100%        5
 Summon Ice Beast         Ice/Summ       Unusable   N/A       N/A         4

Dungeon Overview and Level Annotations

Branches:
Dungeon (5/15)             Temple (0/1) D:4           Sewer (visited)

Altars:
Fedhas
Okawaru

Shops:
D:4 :


Innate Abilities, Weirdness & Mutations

You have a pair of horns on your head.
You reflexively headbutt those who attack you in melee.


Message History

Something tries to affect you, but you resist.
The orc hits you with a +0 falchion of holy wrath.
You hit something. Okawaru accepts your kill.
Reactivating autopickup.
You feel a bit more experienced. You block the ogre's attack.
The orc wizard points at you and mumbles some strange words.
You resist with some effort. You block the orc's attack.
The ogre hits you with a +0 giant club! The orc barely misses you.
You block the orc wizard's attack.
Things that are here:
a +0 dagger; a +0 robe; an orc corpse You thump the orc wizard!
The orc wizard is almost dead.
The orc barely misses you.
The orc wizard points at you and mumbles some strange words.
You are confused.
The ogre barely misses you.
You barely miss the orc wizard.
The orc wizard is almost dead.
The orc hits you but does no damage.
The orc wizard hits you but does no damage.
You sock the orc wizard!
You kill the orc wizard!
Okawaru accepts your kill. The ogre completely misses you.
The orc barely misses you.
You bump into the rock wall.
The orc hits you but does no damage. The ogre hits you with a +0 giant club!
You sock the orc!
You kill the orc!
Okawaru accepts your kill.
You sock the ogre!
The ogre is heavily wounded.
The ogre hits you with a +0 giant club!
* * * LOW HITPOINT WARNING * * *
Okay, then.
You barely miss the ogre.
The ogre is heavily wounded.
The ogre hits you with a +0 giant club!
You die...

#.. .. .. ##.## #
#.... .###.#.#.# .
#.....#.#.####...
.........)@O......
..........))######
#...........#
............#
............#
............#
#...........#
#........####
...#####.#


You could see an ogre.

Vanquished Creatures
  Eustachio (D:4)
  A phantom (D:4)
  A necrophage (D:4)
  A hound (D:4)
  2 jellies (Sewer)
  An iguana (D:4)
  2 orc wizards (D:5)
  12 adders
  2 river rats (Sewer)
  4 worms
  2 dart slugs
  2 orcs
  15 ball pythons
  14 endoplasms
  7 giant cockroaches
  A goblin (D:1)
  5 hobgoblins
  3 jackals (D:4)
  4 quokkas
  5 bats
  5 frilled lizards
  4 kobolds
  10 rats
104 creatures vanquished.

Vanquished Creatures (others)
  An orc wizard (D:5)
  A kobold (D:4)
  3 plants (D:4)
5 creatures vanquished.

Grand Total: 109 creatures vanquished

Notes
Turn   | Place    | Note
-------+----------+-------------------------------------------
     0 | D:1      | Demigod47 the Minotaur Fighter began the quest for the Orb.
     0 | D:1      | Reached XP level 1. HP: 19/19 MP: 0/0
   194 | D:1      | Found a faded altar of an unknown god.
   213 | D:1      | Prayed at the altar of an unknown god.
   213 | D:1      | Became a worshipper of Warmaster Okawaru
   213 | D:1      | Reached * piety under Okawaru
   254 | D:1      | Reached XP level 2. HP: 24/27 MP: 1/1
   689 | D:1      | Reached skill level 3 in Maces & Flails
   988 | D:2      | Reached XP level 3. HP: 29/33 MP: 2/2
  1246 | D:2      | Found a blossoming altar of Fedhas.
  1354 | D:2      | Reached XP level 4. HP: 27/41 MP: 3/3
  2415 | D:4      | Reached skill level 4 in Maces & Flails
  2463 | D:4      | Reached XP level 5. HP: 45/47 MP: 4/4
  2472 | D:4      | Found Laheggap's Vocational Training.
  2566 | D:4      | Noticed Eustachio
  2569 | D:4      | Found a glowing drain.
  2581 | D:5      | Entered Level 5 of the Dungeon
  2658 | D:4      | Killed Eustachio
  2658 | D:4      | Reached ** piety under Okawaru
  2659 | D:4      | Reached skill level 5 in Fighting
  2659 | D:4      | Reached skill level 5 in Maces & Flails
  2659 | D:4      | Reached skill level 5 in Armour
  2659 | D:4      | Reached skill level 1 in Dodging
  2659 | D:4      | Reached XP level 6. HP: 35/56 MP: 5/5
  2693 | Sewer    | Entered a sewer
  3224 | Sewer    | Found a shimmering altar of Xom.
  3263 | Sewer    | Identified the +0 scale mail "Ilyfymme" {Drain Will+ Str+4}
  3583 | D:4      | Reached *** piety under Okawaru
  3584 | D:4      | Reached skill level 6 in Maces & Flails
  3584 | D:4      | Reached XP level 7. HP: 36/61 MP: 6/6
  3752 | D:4      | Reached skill level 5 in Shields
  3838 | D:4      | Found a staircase to the Ecumenical Temple.
  3876 | D:4      | Identified 2 scrolls of acquirement
  3878 | D:4      | Acquired the +2 pair of gloves of Hais {-Cast Str+6}
  3879 | D:4      | Acquired 849 gold pieces
  3973 | D:5      | Slain by an ogre

Illustrated notes

Levels and vault maps discovered:
D:1:      dpeg_arrival_three_smaller_balls, layout_basic,
          basic_ecumenical_altar, minmay_domino_4
D:2:      layout_basic, basic_altar, grunt_ministairs_12, kennysheep_nondescript
D:3:      layout_loops_ring
D:4:      layout_rooms, minmay_temple_entry_gardened_gates,
          cheibrodos_sewer_entry_drain, nicolae_shop_vocational, uniq_eustachio
D:5:      layout_basic, uniq_prince_ribbit1

Skill      XL: |  1  2  3  4  5  6  7 |
---------------+----------------------+-----
Armour         | 4 5 |  5.8
Maces & Flails | 3 4 5 6 |  6.8
Shields        | 4 5 |  5.2
Fighting       | 4 5 |  5.4
Dodging        | 1 |  1.2
Stealth        | |  0.1

Action                   |  1- 3 |  4- 6 |  7- 9 || total
-------------------------+-------+-------+-------++-------
Melee: Flail             |    67 |   154 |    32 ||   253
       Headbutt          |     7 |    21 |     2 ||    30
  Use: Potion            |     2 |     1 |       ||     3
       Scroll            |     2 |       |     7 ||     9
Armor: Scale mail        |    29 |       |       ||    29
       Chain mail        |    14 |   159 |    14 ||   187
Dodge: Dodged            |    31 |   105 |    11 ||   147
Block: Buckler           |    16 |    62 |    11 ||    89
       Reflection        |       |     1 |       ||     1
